 Dungeon Crawl Stone Soup version 0.26-a0-1205-g4083c211ab (webtiles) character file.

Game seed: 11921265976774194605

100407 robertstho the Thaumaturge (level 16, -25/124 HPs)
             Began as a Gnoll Ice Elementalist on Dec 23, 2020.
             Was an Initiate of Gozag.
             Blown up by an orb spider (42 damage)
             ... with an orb of destruction
             ... on level 1 of the Spider Nest on Dec 29, 2020.
             The game lasted 01:27:59 (38963 turns).

robertstho the Thaumaturge (GnIE)                  Turns: 38963, Time: 01:27:59

Health: -25/124    AC: 18    Str: 12      XL:     16   Next: 27%
Magic:  9/31       EV: 19    Int: 25 (28) God:    Gozag
Gold:   7018       SH:  0    Dex: 15 (17) Spells: 13/38 levels left

rFire    . . .     SeeInvis .   K - staff of air
rCold    . . .     Faith    .   (no shield)
rNeg     . . .     Spirit   .   E - +0 acid dragon scales
rPois    +         Reflect  .   Q - +0 helmet (curse)
rElec    +         Harm     .   P - +2 cloak {rPois}
rCorr    +         Rampage  .   t - +2 pair of gloves
Will     +....                  X - +0 pair of boots
Stlth    ++++......             d - amulet of magic regeneration
HPRegen  0.30/turn              H - +6 ring of intelligence
MPRegen  0.47/turn              L - ring of wizardry

@: gold aura
A: distributed training, fangs 1, strong nose
a: Renounce Religion, Potion Petition, Call Merchant, Bribe Branch


You were on level 1 of the Spider Nest.
You worshipped Gozag.
Gozag was greatly pleased with you.
You visited 4 branches of the dungeon, and saw 25 of its levels.
You also visited: Sewer, Ossuary and Bailey.

You collected 9409 gold pieces.
You spent 1562 gold pieces at shops.
You paid 829 gold pieces to Gozag.

Inventory:

Hand Weapons
 r - a +0 falchion of electrocution
 u - the +3 arbalest of the Gloaming {flame, rF+ rC+ Int+2}
   (You took it off an orc knight on level 1 of the Orcish Mines)

   It causes projectiles fired from it to burn those they strike, causing extra
   injury to most foes and up to half again as much damage against particularly
   susceptible opponents.
   It affects your intelligence (+2).
   It protects you from fire.
   It protects you from cold.
 V - a +3 vorpal hunting sling
 Z - a +1 halberd of flaming
Missiles
 c - 124 sling bullets
 h - 857 stones
 x - 8 bolts
 D - 10 silver boomerangs
 F - a throwing net
Armour
 j - a +2 robe of resistance
 t - a +2 pair of gloves (worn)
 E - +0 acid dragon scales (worn)
 P - a +2 cloak of poison resistance (worn)
 Q - a cursed +0 helmet (worn)
 X - a +0 pair of boots (worn)
Magical Staves
 K - an uncursed staff of air (weapon)
Jewellery
 b - an uncursed ring of ice
 d - an amulet of magic regeneration (around neck)
 n - an uncursed ring of ice
 H - a +6 ring of intelligence (left hand)
 L - a ring of wizardry (right hand)
 N - an uncursed ring of flight
 O - an uncursed amulet of reflection
 R - an uncursed amulet of regeneration
Wands
 e - a wand of digging (4)
 k - a wand of acid (34)
 W - a wand of disintegration (12)
 Y - a wand of iceblast (26)
Scrolls
 f - 2 scrolls of noise {unknown}
 i - 5 scrolls of enchant weapon
 l - 8 scrolls of remove curse
 o - 4 scrolls of enchant armour
 q - a scroll of magic mapping
 s - 2 scrolls of holy word
 v - 3 scrolls of immolation
 y - 7 scrolls of teleportation
 I - 2 scrolls of summoning
 S - 3 scrolls of fog
 T - a scroll of silence {unknown}
 U - a scroll of fear
Potions
 a - 2 potions of brilliance
 m - 12 potions of curing
 p - a potion of berserk rage
 w - 5 potions of might
 z - a potion of ambrosia
 A - 3 potions of invisibility
 B - 9 potions of flight
 C - 2 potions of mutation
 G - a potion of resistance
 J - 6 potions of haste
 M - 2 potions of cancellation
Miscellaneous
 g - a condenser vane


   Skills:
 + Level 10.7 Fighting
 + Level 10.7 Short Blades
 + Level 10.7 Long Blades
 + Level 10.7 Axes
 + Level 10.7 Maces & Flails
 + Level 10.7 Polearms
 + Level 10.7 Staves
 + Level 10.7 Slings
 + Level 10.7 Bows
 + Level 10.7 Crossbows
 + Level 10.7 Throwing
 + Level 10.7 Armour
 + Level 11.5 Dodging
 + Level 11.4 Stealth
 + Level 10.7 Shields
 + Level 10.7 Unarmed Combat
 + Level 11.7 Spellcasting
 + Level 9.1 Conjurations
 + Level 9.1 Hexes
 + Level 9.1 Summonings
 + Level 9.1 Necromancy
 + Level 9.1 Translocations
 + Level 9.2 Transmutations
 + Level 9.1 Fire Magic
 + Level 11.3 Ice Magic
 + Level 9.1 Air Magic
 + Level 9.1 Earth Magic
 + Level 9.1 Poison Magic
 + Level 11.5 Invocations
 + Level 10.7 Evocations


You had 13 spell levels left.
You knew the following spells:

 Your Spells              Type           Power        Failure   Level
a - Freeze                Ice            100%         1%          1
b - Frozen Ramparts       Ice            100%         1%          3
c - Ozocubu's Armour      Ice            64%          1%          3
d - Hailstorm             Conj/Ice       60%          1%          4
e - Summon Ice Beast      Ice/Summ       60%          1%          4
f - Freezing Cloud        Conj/Ice/Air   38%          6%          6
g - Summon Lightning Spi  Summ/Air       74%          1%          4

Your spell library contained the following spells:

 Spells                   Type           Power        Failure   Level
 Corona                   Hex            62%          1%          1
 Summon Small Mammal      Summ           100%         1%          1
 Call Imp                 Summ           56%          1%          2
 Corpse Rot               Necr/Air       N/A          1%          2
 Ensorcelled Hibernation  Hex/Ice        100%         1%          2
 Poisonous Vapours        Pois/Air       100%         1%          2
 Slow                     Hex            56%          1%          2
 Sublimation of Blood     Necr           28%          1%          2
 Call Canine Familiar     Summ           56%          1%          3
 Confusing Touch          Hex            56%          1%          3
 Conjure Flame            Conj/Fire      56%          1%          3
 Dazzling Flash           Conj/Hex       100%         1%          3
 Inner Flame              Hex/Fire       56%          1%          3
 Mephitic Cloud           Conj/Pois/Air  74%          1%          3
 Portal Projectile        Hex/Tloc       100%         1%          3
 Summon Guardian Golem    Hex/Summ       56%          1%          3
 Tukima's Dance           Hex            56%          1%          3
 Cause Fear               Hex            28%          1%          4
 Dispel Undead            Necr           56%          1%          4
 Leda's Liquefaction      Hex/Erth       28%          1%          4
 Agony                    Necr           56%          1%          5
 Excruciating Wounds      Necr           28%          1%          5
 Irradiate                Conj/Tmut      28%          1%          5
 Hydra Form               Tmut           28%          8%          6
 Statue Form              Tmut/Erth      38%          9%          6
 Dragon Form              Tmut           28%          38%         7


Dungeon Overview and Level Annotations

Branches:
Dungeon (15/15)            Temple (0/1) D:7            Lair (6/6) D:11
 Shoals (0/4) Lair:3       Spider (2/4) Lair:3        Slime (0/5) Lair:6
    Orc (2/2) D:10            Elf (0/3) Orc:2        Vaults (0/5) D:14
  Sewer (visited)         Ossuary (visited)          Bailey (visited)
 Depths: D:15

Altars:
Ashenzari
Fedhas
Gozag
Makhleb
Okawaru
Qazlal
Sif Muna
Trog
Vehumet
Xom
Zin
The Shining One
Beogh
Jiyva

Shops:
D:7 *   D:8 (   D:10 [[=   D:12 [:   Orc:2 :[!}

Portals:
Trove: D:13 (give +6 demon whip)

Annotations:
D:7 5 runed translucent doors
Lair:4 2 transporters
Lair:6 1 runed translucent door
Spider:1 Aizul


Innate Abilities, Weirdness & Mutations

Your experience applies equally to all skills.
You have very sharp teeth.
Your uncanny sense of smell can sniff out nearby items.


Message History

The wall freezes the jumping spider.
The jumping spider pounces on you but does no damage.
The jumping spider barely misses you.
The orb spider weaves a glowing orb of energy.
The wall freezes the jumping spider.
The jumping spider becomes distracted by the nearby gold, dreaming of imaginary riches.
An orb of destruction comes into view.
Casting: Summon Ice Beast (safe; 1% risk of failure)
Confirm with . or Enter, or press ? or * to list all spells.
Casting: Hailstorm (safe; 1% risk of failure)
Press: ? - help, Dir - look around, f - activate A cannonade of hail descends around you!
Your ice beast is unaffected. x2; The hail pelts the orb spider!
You kill the orb spider!
The wall freezes the jumping spider but does no damage.
Unknown command.
Your frozen ramparts will break if you move.
Continue?
The frozen ramparts melt away as you move.
The orb of destruction hits you!!!
You die...

##............. .......
ss...#..^!#..#.#......). ≈
#......?........^.$#....
≈##....#.....#.....#.......
.....................$....○°.
......>. .............#......
......# ?#.........$.#.(....
....>.# ......$....$....[..#
≈≈.^........^.^.@#○$$..[.....
#.......#......Y.○$..$.?.....
##.....^...(...#.s>Y^$.#...^#
##....#.....#...#.#$<.......
..........#........$#......
#....#........................
≈≈.#.......#...........).#..^..
#^....[#.....#.......).
...#.^.......^.#...w#..


You could see a jumping spider and 2 friendly ice beasts.

Vanquished Creatures
  A ghost moth (Spider:2)
  2 orc warlords
  An emperor scorpion (Spider:1)
  An entropy weaver (Spider:1)
  A dire elephant (Lair:6)
  Erolcha (Orc:1)
  A boulder beetle (Lair:3)
  5 hydras
  3 centaur warriors
  A death knight (D:14)
  8 two-headed ogres
  A tengu warrior (D:15)
  4 ogre magi
  5 death yaks (Lair:5)
  Sonja (D:12)
  3 deep trolls
  3 unseen horrors
  A sea snake (Lair:6)
  A necromancer (Lair:3)
  2 oklob plants
  2 orc knights
  An orc sorcerer (Orc:1)
  4 orb spiders
  4 wolf spiders
  2 ugly things
  3 cyclopes
  4 black mambas
  A torpor snail (Spider:2)
  Psyche (D:8)
  11 cane toads
  Maggie (D:8)
  A rime drake (shapeshifter) (D:14)
  An efreet (D:13)
  3 freezing wraiths
  11 komodo dragons
  A demonic crawler (Spider:2)
  7 rime drakes
  8 jumping spiders
  7 trolls
  A merfolk (shapeshifter) (D:14)
  4 polar bears
  15 blink frogs
  6 slime creatures
  4 hornets
  9 tarantellas
  15 redbacks
  28 yaks
  A vampire (D:14)
  2 basilisks
  4 wyverns
  5 vampire mosquitoes
  Grum (Lair:1)
  2 wargs (Orc:2)
  Edmund (D:5)
  A swamp worm (shapeshifter) (D:14)
  12 two-headed ogre zombies (Orc:1)
  21 water moccasins
  18 orc warriors
  2 ice beasts
  A black bear (D:11)
  An elephant zombie (Lair:3)
  A necrophage (D:10)
  2 phantoms
  3 sky beasts
  20 ogres
  17 wolves
  16 centaurs
  7 big kobolds
  Blork the orc (D:3)
  2 komodo dragon zombies (Lair:3)
  24 bullfrogs
  A gnoll sergeant (D:11)
  A water moccasin zombie (D:7)
  A wyvern skeleton (D:11)
  8 scorpions
  6 killer bees
  14 wights
  6 howler monkeys
  2 centaur zombies
  A crimson imp (D:5)
  A quasit (D:10)
  A bullfrog zombie (D:12)
  2 bullfrog skeletons
  10 orc priests
  7 hounds
  4 centaur skeletons
  3 jellies
  12 orc wizards
  3 iguanas
  5 worker ants
  An ogre zombie (Orc:1)
  3 hound zombies
  A hound skeleton (D:7)
  3 mummies (Ossuary)
  Robin (D:3)
  A worker ant zombie (D:7)
  9 gnolls
  13 adders
  A river rat (Sewer)
  2 shadow imps
  2 white imps
  2 ufetubi
  7 oozes
  3 adder skeletons
  3 adder zombies
  3 worms
  A dart slug (D:1)
  4 leopard geckos
  45 orcs
  6 ball pythons
  7 giant cockroaches
  12 goblins
  14 hobgoblins
  10 jackals
  3 quokkas
  12 bats
  10 frilled lizards
  2 jackal skeletons
  22 kobolds
  A leopard gecko skeleton (D:2)
  2 quokka zombies (D:7)
  10 rats
670 creatures vanquished.

Vanquished Creatures (collateral kills)
  Nikola (Spider:1)
  An emperor scorpion (Spider:2)
  4 hydras
  A merfolk avatar (Lair:6)
  A catoblepas (Lair:6)
  A centaur warrior (D:13)
  3 two-headed ogres
  A death yak (Lair:5)
  A wizard (D:14)
  A phantasmal warrior (D:14)
  3 orb spiders
  4 wolf spiders
  An ugly thing (D:11)
  A manticore (D:11)
  A moth of wrath (Spider:1)
  A cyclops (Orc:2)
  A merfolk siren (Lair:3)
  An elephant (Lair:6)
  A torpor snail (Spider:1)
  Maurice (D:8)
  2 rime drakes (Lair:6)
  4 komodo dragons
  An efreet (D:13)
  A demonic crawler (Spider:2)
  5 trolls
  4 jumping spiders
  Grinder (D:5)
  A wind drake (Lair:6)
  A polar bear (Lair:6)
  3 slime creatures (D:14)
  3 hornets
  5 blink frogs (Lair:6)
  8 redbacks
  A wraith (D:14)
  3 tarantellas (Spider:1)
  2 basilisks (Lair:6)
  A vampire (D:13)
  7 yaks
  Menkaure (D:6)
  2 two-headed ogre zombies (Orc:1)
  An orc warrior (Orc:2)
  A hornet zombie (D:14)
  A necrophage (D:6)
  A phantom (D:6)
  6 ogres (Orc:2)
  A centaur (D:11)
  A komodo dragon zombie (Lair:3)
  An electric eel (Lair:3)
  8 wights
  A howler monkey (D:11)
  A quasit (D:6)
  An orc priest (Orc:2)
  An orc wizard (D:4)
  A worker ant (D:11)
  A statue (D:8)
  2 big kobold zombies (Ossuary)
  5 mummies (Ossuary)
  A worm (D:4)
  A leopard gecko (D:6)
  4 orcs
  A quokka (D:11)
  2 gnoll zombies (Ossuary)
  A goblin zombie (D:7)
  3 hobgoblin zombies (Ossuary)
  An orc zombie (Ossuary)
134 creatures vanquished.

Vanquished Creatures (others)
  2 wolf spiders (Spider:1)
  A demonic crawler (Spider:1)
  A jumping spider (Spider:1)
  A redback (Spider:1)
  An ogre (Orc:2)
  50 fungi
  52 plants
108 creatures vanquished.

Grand Total: 912 creatures vanquished

Notes
Turn   | Place    | Note
-------+----------+-------------------------------------------
     0 | D:1      | robertstho the Gnoll Ice Elementalist began the quest for
                  | the Orb.
     0 | D:1      | Reached XP level 1. HP: 13/13 MP: 6/6
   178 | D:1      | Reached XP level 2. HP: 17/19 MP: 5/7
   576 | D:1      | Reached XP level 3. HP: 25/25 MP: 9/9
   603 | D:1      | Reached skill level 5 in Spellcasting
   809 | D:1      | Learned a level 3 spell: Frozen Ramparts
   813 | D:1      | Learned a level 3 spell: Ozocubu's Armour
   889 | D:1      | Reached skill level 1 in Invocations
  1319 | D:2      | Found an opulent altar of Gozag.
  1322 | D:2      | Noticed a sky beast
  1352 | D:2      | Killed a sky beast
  1353 | D:2      | Reached skill level 1 in Fighting
  1353 | D:2      | Reached skill level 1 in Short Blades
  1353 | D:2      | Reached skill level 1 in Long Blades
  1353 | D:2      | Reached skill level 1 in Axes
  1353 | D:2      | Reached skill level 1 in Maces & Flails
  1353 | D:2      | Reached skill level 1 in Polearms
  1353 | D:2      | Reached skill level 1 in Staves
  1353 | D:2      | Reached skill level 1 in Slings
  1353 | D:2      | Reached skill level 1 in Bows
  1353 | D:2      | Reached skill level 1 in Crossbows
  1353 | D:2      | Reached skill level 1 in Throwing
  1353 | D:2      | Reached skill level 1 in Armour
  1353 | D:2      | Reached skill level 1 in Shields
  1353 | D:2      | Reached skill level 1 in Unarmed Combat
  1353 | D:2      | Reached skill level 1 in Conjurations
  1353 | D:2      | Reached skill level 1 in Hexes
  1353 | D:2      | Reached skill level 1 in Summonings
  1353 | D:2      | Reached skill level 1 in Necromancy
  1353 | D:2      | Reached skill level 1 in Translocations
  1353 | D:2      | Reached skill level 1 in Transmutations
  1353 | D:2      | Reached skill level 1 in Fire Magic
  1353 | D:2      | Reached skill level 1 in Air Magic
  1353 | D:2      | Reached skill level 1 in Earth Magic
  1353 | D:2      | Reached skill level 1 in Poison Magic
  1353 | D:2      | Reached skill level 1 in Evocations
  1353 | D:2      | Reached XP level 4. HP: 32/32 MP: 6/11
  1353 | D:2      | Reached XP level 5. HP: 37/37 MP: 6/12
  1412 | D:2      | Became a worshipper of Gozag Ym Sagoz the Greedy
  1613 | D:2      | Found an iron altar of Okawaru.
  2422 | D:3      | Found a glowing silver altar of Zin.
  2537 | D:3      | Reached XP level 6. HP: 34/44 MP: 8/13
  2542 | D:3      | Learned a level 4 spell: Hailstorm
  2547 | D:3      | Learned a level 4 spell: Summon Ice Beast
  2685 | D:3      | Noticed Robin
  2690 | D:3      | Killed Robin
  2899 | D:3      | Found a blossoming altar of Fedhas.
  2901 | D:3      | Found a stormy altar of Qazlal.
  3407 | D:3      | Noticed Blork the orc
  3414 | D:3      | Killed Blork the orc
  3415 | D:3      | Reached skill level 5 in Dodging
  3499 | D:3      | Found a shimmering blue altar of Sif Muna.
  3667 | D:4      | Noticed a phantom
  3672 | D:4      | Reached XP level 7. HP: 44/50 MP: 9/15
  4033 | D:4      | Found a broken altar of Ashenzari.
  4329 | D:4      | Reached skill level 5 in Stealth
  4569 | D:5      | Entered Level 5 of the Dungeon
  4569 | D:5      | Noticed Edmund
  4577 | D:5      | Killed Edmund
  4578 | D:5      | Reached XP level 8. HP: 48/58 MP: 2/16
  4694 | D:5      | Noticed Grinder
  4713 | D:5      | Killed Grinder
  5286 | D:5      | Found a burning altar of Makhleb.
  5286 | D:5      | Found a shimmering altar of Xom.
  5753 | D:5      | Found a glowing golden altar of the Shining One.
  5876 | D:6      | Noticed Menkaure
  5883 | D:6      | Killed Menkaure
  6083 | D:6      | Found a glowing drain.
  6091 | D:6      | Reached XP level 9. HP: 58/65 MP: 18/18
  6092 | Sewer    | Entered a sewer
  7513 | D:7      | Found a sand-covered staircase.
  7524 | Ossuary  | Entered an ossuary
  8077 | D:7      | Found the +9 staff of Olgreb {rPois∞}
  8081 | D:7      | Found a runed translucent gate.
  8081 | D:7      | Found a runed translucent gate.
  8083 | D:7      | Found a runed translucent door.
  8245 | D:7      | Found a runed translucent door.
  8248 | D:7      | Found a runed translucent gate.
  8669 | D:7      | Found a staircase to the Ecumenical Temple.
  8832 | D:7      | Reached skill level 5 in Invocations
  9238 | D:7      | Bought a potion of magic for 120 gold pieces
  9238 | D:7      | Bought a potion of cancellation for 120 gold pieces
  9238 | D:7      | Bought a scroll of identify for 30 gold pieces
  9238 | D:7      | Bought a scroll of fog for 30 gold pieces
  9654 | D:8      | Noticed Maurice
  9671 | D:8      | Killed Maurice
  9672 | D:8      | Reached XP level 10. HP: 65/73 MP: 7/20
  9756 | D:8      | Found Boyn's Weapon Shop.
  9759 | D:8      | Bought a +2 shortbow of flaming for 226 gold pieces
  9759 | D:8      | Bought a +3 vorpal hunting sling for 249 gold pieces
  9787 | D:8      | Found a radiant altar of Vehumet.
 10241 | D:8      | Noticed Psyche
 10250 | D:8      | Killed Psyche
 10251 | D:8      | Reached skill level 5 in Fighting
 10251 | D:8      | Reached skill level 5 in Short Blades
 10251 | D:8      | Reached skill level 5 in Long Blades
 10251 | D:8      | Reached skill level 5 in Axes
 10251 | D:8      | Reached skill level 5 in Maces & Flails
 10251 | D:8      | Reached skill level 5 in Polearms
 10251 | D:8      | Reached skill level 5 in Staves
 10251 | D:8      | Reached skill level 5 in Slings
 10251 | D:8      | Reached skill level 5 in Bows
 10251 | D:8      | Reached skill level 5 in Crossbows
 10251 | D:8      | Reached skill level 5 in Throwing
 10251 | D:8      | Reached skill level 5 in Armour
 10251 | D:8      | Reached skill level 5 in Shields
 10251 | D:8      | Reached skill level 5 in Unarmed Combat
 10251 | D:8      | Reached skill level 5 in Evocations
 10294 | D:8      | Noticed Maggie
 10307 | D:8      | Killed Maggie
 10467 | D:8      | Found a bloodstained altar of Trog.
 10576 | D:9      | Found a flagged portal.
 10595 | Bailey   | Entered a bailey
 10873 | Bailey   | Noticed an orc knight
 10892 | Bailey   | Killed an orc knight
 10895 | Bailey   | Found a burning altar of Makhleb.
 11380 | D:9      | Got a heavily jewelled robe
 12205 | D:10     | Entered Level 10 of the Dungeon
 12468 | D:10     | Found Urivam's Armour Emporium.
 12556 | D:10     | Found Irrycs's Jewellery Shoppe.
 12565 | D:10     | Bought an uncursed ring of wizardry for 330 gold pieces
 12811 | D:10     | Found Etythyoje's Armour Shop.
 12812 | D:10     | Found a staircase to the Orcish Mines.
 12937 | D:10     | Reached XP level 11. HP: 53/81 MP: 13/22
 13569 | D:11     | Reached skill level 5 in Conjurations
 13569 | D:11     | Reached skill level 5 in Hexes
 13569 | D:11     | Reached skill level 5 in Summonings
 13569 | D:11     | Reached skill level 5 in Necromancy
 13569 | D:11     | Reached skill level 5 in Translocations
 13569 | D:11     | Reached skill level 5 in Transmutations
 13569 | D:11     | Reached skill level 5 in Fire Magic
 13569 | D:11     | Reached skill level 5 in Air Magic
 13569 | D:11     | Reached skill level 5 in Earth Magic
 13569 | D:11     | Reached skill level 5 in Poison Magic
 13617 | D:11     | Noticed a white ugly thing
 13621 | D:11     | Found a staircase to the Lair.
 13629 | D:11     | Killed a white ugly thing
 13825 | D:11     | Noticed a white ugly thing
 13845 | D:11     | Killed a white ugly thing
 14206 | D:11     | Noticed a manticore
 14214 | D:11     | Killed a manticore
 14677 | D:12     | Noticed Sonja
 15004 | D:12     | Noticed a cyan ugly thing
 15608 | D:12     | Killed Sonja
 15996 | D:12     | Killed a cyan ugly thing
 16371 | D:12     | Identified the +1 robe of the Soft Hot Ocelot {Str+3 Int+3}
                  | (You found it on level 9 of the Dungeon)
 16516 | D:12     | Noticed a cyclops
 16519 | D:12     | Killed a cyclops
 16674 | D:12     | Found Ecun's Antique Armour Emporium.
 16679 | D:12     | Bought a pair of embroidered gloves for 127 gold pieces
 16918 | D:12     | Reached XP level 12. HP: 65/89 MP: 20/24
 17040 | D:12     | Found Ryrruo's Book Boutique.
 17311 | D:13     | Noticed a centaur warrior
 17508 | Lair:1   | Entered Level 1 of the Lair of Beasts
 17525 | Lair:1   | Noticed Grum
 17534 | Lair:1   | Killed Grum
 20579 | Lair:3   | Noticed a boulder beetle
 20627 | Lair:3   | Killed a boulder beetle
 20904 | Lair:3   | Found a hole to the Spider Nest.
 21120 | Lair:3   | Found an iron altar of Okawaru.
 21332 | Lair:3   | Reached XP level 13. HP: 71/98 MP: 11/26
 21866 | Lair:3   | Found a staircase to the Shoals.
 23702 | Lair:4   | Found a transporter.
 23923 | Lair:4   | Found a transporter.
 24051 | Lair:4   | You fall into a shaft and drop 2 floors!
 24051 | Lair:6   | Entered Level 6 of the Lair of Beasts
 24185 | Lair:6   | Reached skill level 10 in Ice Magic
 24272 | Lair:6   | Noticed a dire elephant
 24282 | Lair:6   | Killed a dire elephant
 25152 | Lair:6   | Reached skill level 10 in Spellcasting
 25679 | Lair:6   | Reached XP level 14. HP: 66/106 MP: 1/28
 25684 | Lair:6   | Reached skill level 10 in Dodging
 26613 | Lair:6   | Found a runed translucent door.
 26613 | Lair:6   | Found a viscous altar of Jiyva.
 26613 | Lair:6   | Found a staircase to the Slime Pits.
 27934 | Lair:5   | Reached skill level 10 in Stealth
 28031 | Lair:5   | Reached skill level 10 in Invocations
 28962 | Orc:1    | Entered Level 1 of the Orcish Mines
 29007 | Orc:1    | You fall into a shaft and drop 1 floor!
 29007 | Orc:2    | Entered Level 2 of the Orcish Mines
 29007 | Orc:2    | Found Aciosm's Distillery.
 29007 | Orc:2    | Found Kuirru's Book Emporium.
 29015 | Orc:2    | Found Soall's Gadget Boutique.
 29016 | Orc:2    | Found Vitough's Antique Armour Boutique.
 29032 | Orc:1    | Found a roughly hewn altar of Beogh.
 29164 | Orc:1    | Noticed an orc warlord
 29179 | Orc:1    | Killed an orc warlord
 30894 | Orc:2    | Noticed an orc warlord
 30904 | Orc:2    | Reached XP level 15. HP: 61/115 MP: 10/29
 30920 | Orc:2    | Killed an orc warlord
 31167 | Orc:2    | Bought a potion of curing for 45 gold pieces
 31167 | Orc:2    | Bought a potion of curing for 45 gold pieces
 31167 | Orc:2    | Bought a potion of might for 60 gold pieces
 31167 | Orc:2    | Bought a potion of curing for 45 gold pieces
 31167 | Orc:2    | Bought a potion of might for 60 gold pieces
 31167 | Orc:2    | Bought a potion of heal wounds for 75 gold pieces
 31299 | Orc:2    | Found a staircase to the Elven Halls.
 31762 | Orc:1    | Noticed Erolcha
 31766 | Orc:1    | Killed Erolcha
 31781 | Orc:1    | Identified the +3 arbalest of the Gloaming {flame, rF+ rC+
                  | Int+2}
 33321 | D:13     | Found a portal to a secret trove of treasure.
 33374 | D:13     | Reached skill level 10 in Fighting
 33374 | D:13     | Reached skill level 10 in Short Blades
 33374 | D:13     | Reached skill level 10 in Long Blades
 33374 | D:13     | Reached skill level 10 in Axes
 33374 | D:13     | Reached skill level 10 in Maces & Flails
 33374 | D:13     | Reached skill level 10 in Polearms
 33374 | D:13     | Reached skill level 10 in Staves
 33374 | D:13     | Reached skill level 10 in Slings
 33374 | D:13     | Reached skill level 10 in Bows
 33374 | D:13     | Reached skill level 10 in Crossbows
 33374 | D:13     | Reached skill level 10 in Throwing
 33374 | D:13     | Reached skill level 10 in Armour
 33374 | D:13     | Reached skill level 10 in Shields
 33374 | D:13     | Reached skill level 10 in Unarmed Combat
 33374 | D:13     | Reached skill level 10 in Evocations
 34771 | D:14     | Found a blossoming altar of Fedhas.
 35134 | D:13     | Upgraded the game from 0.26-a0-1147-g3780a7a11b to
                  | 0.26-a0-1205-g4083c211ab
 35300 | D:14     | Found a gate to the Vaults.
 35666 | D:15     | Entered Level 15 of the Dungeon
 35806 | D:14     | Learned a level 6 spell: Freezing Cloud
 36069 | D:14     | Learned a level 4 spell: Summon Lightning Spire
 36239 | Spider:1 | Entered Level 1 of the Spider Nest
 36252 | Spider:1 | Noticed Aizul
 36257 | Spider:1 | Noticed an emperor scorpion
 37750 | Spider:2 | Reached XP level 16. HP: 123/123 MP: 23/31
 38635 | Spider:1 | Noticed Nikola
 38656 | Spider:1 | Killed Nikola
 38963 | Spider:1 | Blown up by an orb spider

Illustrated notes

Levels and vault maps discovered:
D:1:      tarquinn_simple_flora_water_c, layout_basic, columned_hall_lemuel,
          minmay_bisected
D:2:      layout_basic, okawaru_metal_pillars_3, nicolae_gozag_seed_capital
D:3:      layout_loops_ring, grunt_temple_overflow_forces_of_nature,
          lemuel_crystal_altar, tgw_sif, uniq_robin
D:4:      layout_cave_pools, nicolae_ashenzari_panopticon,
          hangedman_decor_opposing
D:5:      layout_loops_ring, grunt_temple_overflow_champion_of_chaos,
          marbit_many_paths, uniq_edmund, uniq_grinder
D:6:      layout_cave_pools, portal_sewer_entry_f, uniq_menkaure
D:7:      layout_loops_corners, minmay_temple_entry_offerings, enter_ossuary_4,
          minmay_guarded_unrand_staff_of_olgreb
D:8:      layout_rooms, kennysheep_mini, vehumet_statue, serial_shops,
          nicolae_shop_behind_doors, minmay_misc_feat_plants, uniq_maurice,
          uniq_psyche, uniq_maggie
D:9:      layout_gridville, enter_bailey_4
D:10:     layout_rooms, orc_0_dummy, serial_shops, shop,
          nicolae_shop_window_shopping, shop
D:11:     layout_cave_pools, david_lair_shrubbed, grunt_decor_arrowhead
D:12:     layout_loops_ring, serial_shops, shop, shop, uniq_sonja
D:13:     layout_long_grid, nicolae_trove_entry_crystal, minmay_door_square,
          minmay_misc_feat_five, kennysheep_generic_room_14
D:14:     layout_cave_pools, david_vaults_2, basic_altar, small_statue_alley_a
D:15:     hangedman_depths_entry_civil_slaughter, layout_stronghold,
          serial_shops, nicolae_shop_trees, ebering_ghost_reflecting_pool,
          einodemon_crawler_minivault
Lair:1:   layout_loops_ring, lemuel_fruit_fields, uniq_grum
Lair:2:   layout_loops_ring, grunt_megastairs_3
Lair:3:   pond_and_an_island_with_a_cottage, layout_cellular_growth,
          minmay_shoals_entry_lonely_mermaid, spider_nest_entry_web_field,
          basic_altar, grunt_forest_large_clearing_hut
Lair:4:   gammafunk_cloud_chamber, layout_regular_city,
          chequers_serial_rivers_large_a, st_stairs_6
Lair:5:   layout_long_grid, minmay_lair_oklob_items
Lair:6:   gammafunk_lair_ancient_temple, layout_regular_city, slime_altar_2
Spider:1: layout_spider_delve, uniq_aizul, uniq_nikola
Spider:2: layout_spider_delve, hangedman_spider_tarantella_strand
Orc:1:    lemuel_ogre_cave, layout_caves, basic_altar
Orc:2:    st_orc_open, layout_caves

Skill      XL: |  1  2  3  4  5  6  7  8  9 10 11 12 13 14 15 16 |
---------------+-------------------------------------------------+-----
Spellcasting   | 5 6 7 8 9 10 11 | 11.7
Invocations    | 1 2 3 4 5 6 7 8 9 10 11 | 11.5
Fighting       | 1 2 3 4 5 6 7 8 9 10 | 10.7
Short Blades   | 1 2 3 4 5 6 7 8 9 10 | 10.7
Long Blades    | 1 2 3 4 5 6 7 8 9 10 | 10.7
Axes           | 1 2 3 4 5 6 7 8 9 10 | 10.7
Maces & Flails | 1 2 3 4 5 6 7 8 9 10 | 10.7
Polearms       | 1 2 3 4 5 6 7 8 9 10 | 10.7
Staves         | 1 2 3 4 5 6 7 8 9 10 | 10.7
Slings         | 1 2 3 4 5 6 7 8 9 10 | 10.7
Bows           | 1 2 3 4 5 6 7 8 9 10 | 10.7
Crossbows      | 1 2 3 4 5 6 7 8 9 10 | 10.7
Throwing       | 1 2 3 4 5 6 7 8 9 10 | 10.7
Armour         | 1 2 3 4 5 6 7 8 9 10 | 10.7
Shields        | 1 2 3 4 5 6 7 8 9 10 | 10.7
Unarmed Combat | 1 2 3 4 5 6 7 8 9 10 | 10.7
Conjurations   | 1 2 3 4 5 6 7 8 9 |  9.1
Hexes          | 1 2 3 4 5 6 7 8 9 |  9.1
Summonings     | 1 2 3 4 5 6 7 8 9 |  9.1
Necromancy     | 1 2 3 4 5 6 7 8 9 |  9.1
Translocations | 1 2 3 4 5 6 7 8 9 |  9.1
Transmutations | 1 2 3 4 5 6 7 8 9 |  9.2
Fire Magic     | 1 2 3 4 5 6 7 8 9 |  9.1
Air Magic      | 1 2 3 4 5 6 7 8 9 |  9.1
Earth Magic    | 1 2 3 4 5 6 7 8 9 |  9.1
Poison Magic   | 1 2 3 4 5 6 7 8 9 |  9.1
Evocations     | 1 2 3 4 5 6 7 8 9 10 | 10.7
Dodging        | 5 6 7 8 9 10 11 | 11.5
Stealth        | 5 6 7 8 9 10 11 | 11.4
Ice Magic      | 8 9 10 11 | 11.3

Action                   |  1- 3 |  4- 6 |  7- 9 | 10-12 | 13-15 | 16-18 || total
-------------------------+-------+-------+-------+-------+-------+-------++-------
Melee: Unarmed           |    31 |       |       |       |       |       ||    31
       Short sword       |    44 |    57 |       |       |       |       ||   101
       Bite              |     4 |     6 |    20 |    41 |   111 |     5 ||   187
       Falchion          |       |    19 |   223 |   278 |       |       ||   520
       Punch             |       |       |     2 |     5 |       |       ||     7
       Halberd           |       |       |       |    37 |   773 |    22 ||   832
       Staff             |       |       |       |       |       |     8 ||     8
 Fire: Shortbow          |       |       |       |   264 |   172 |       ||   436
       Arbalest          |       |       |       |       |     5 |    12 ||    17
 Cast: Freeze            |    24 |     8 |     9 |     4 |       |       ||    45
       Frozen Ramparts   |     1 |    11 |    28 |    47 |    55 |     4 ||   146
       Hailstorm         |       |     3 |     9 |    47 |    82 |    12 ||   153
       Summon Ice Beast  |       |       |    27 |    45 |   176 |    10 ||   258
       Summon Lightning  |       |       |       |       |     8 |     7 ||    15
       Freezing Cloud    |       |       |       |       |     2 |       ||     2
       Ozocubu's Armour  |       |       |       |       |     1 |       ||     1
Invok: Call Merchant     |       |       |     1 |       |       |       ||     1
Evoke: Wand              |       |       |       |       |     1 |     7 ||     8
  Use: Potion            |     2 |       |       |     2 |    12 |     4 ||    20
       Scroll            |       |       |    16 |     9 |    17 |     1 ||    43
 Stab: Sleeping          |     2 |     5 |     7 |     5 |    17 |       ||    36
       Distracted        |       |       |     2 |     2 |    22 |     1 ||    27
Armor: Robe              |    19 |    16 |    27 |   108 |       |       ||   170
       Acid dragon scale |       |       |       |    11 |   280 |    63 ||   354
Dodge: Dodged            |    71 |    73 |   177 |   410 |   731 |    90 ||  1552
Block: Other             |       |       |     6 |   103 |   188 |       ||   297
       Reflection        |       |       |       |    17 |     9 |       ||    26
       Rpst.: Falchion   |       |     2 |    40 |    66 |       |       ||   108

Table legend: (Time is in decaauts)
 A = Elapsed time spent in this place.
 B = Non-inter-level travel time spent in this place.
 C = Inter-level travel time spent in this place.
 D = Time resting spent in this place.
 E = Time spent auto-exploring this place.
 F = Levels seen in this place.
 G = Mean time per level.
                   A        B        C        D        E       F      G
               +--------+--------+--------+--------+--------+-----+--------+
         Total |  39297 |  37688 |   1609 |   8841 |  22537 |  28 | 1403.5 |
       Dungeon |  19709 |  18822 |    887 |   2968 |  12661 |  15 | 1313.9 |
          Lair |  11361 |  10891 |    470 |   2381 |   7112 |   6 | 1893.5 |
   Spider Nest |   2752 |   2724 |     28 |   1764 |    550 |   2 | 1376.0 |
  Orcish Mines |   3299 |   3076 |    223 |   1383 |    985 |   2 | 1649.5 |
         Sewer |   1092 |   1092 |      0 |     33 |    788 |   1 | 1092.0 |
       Ossuary |    532 |    532 |      0 |      0 |    429 |   1 |  532.0 |
        Bailey |    548 |    548 |      0 |    312 |     10 |   1 |  548.0 |
               +--------+--------+--------+--------+--------+-----+--------+

Top non-repeatable levels by time:
  Lair:3: 3286 daAuts
  Lair:6: 2899 daAuts
Spider:2: 2576 daAuts
   Orc:1: 2356 daAuts
    D:11: 2340 daAuts
    D:13: 2071 daAuts
    D:12: 2047 daAuts
    D:14: 1842 daAuts
  Lair:5: 1621 daAuts
  Lair:4: 1392 daAuts
     D:8: 1373 daAuts
     D:3: 1325 daAuts
     D:1: 1271 daAuts
     D:5: 1267 daAuts
     D:7: 1210 daAuts
